AoeStats
← Joey_did_it

Migration

510189657Analyzed
1v1 RM · 2d ago on Sep 29, 2026· 29m 36s· 2 players
Game mode
Random Map
Map size
132×132
Population
200
Speed
Normal
Resources
Standard
Victory
Conquest
Starting age
Dark Age
Ending age
Imperial Age
RankedLock teamsTeams togetherTeam positionsShared explorationLock speedFull tech treeHidden civsTurbo modeCheats
Victory
Defeat
🇦🇷 Huns · Argentina
924
+17
🇺🇸 Sicilians · United States
952
-50
CarloMagno
1:07 Loom
1:13 Loom
7:59 Loom
11:20 Feudal Age
12:29 Double-Bit Axe
13:42 Fishing Lines
14:33 Horse Collar
15:40 Wheelbarrow
14:51 Town Watch
18:42 Bloodlines
21:17 Castle Age
20:18 Forging
21:31 Scale Barding Armor
22:25 Gillnets
22:48 Medium Warships
23:21 Light Cavalry
24:12 Fletching
24:20 Gold Mining
26:21 Ballistics
26:14 Careening
26:48 Husbandry
27:25 Bow Saw
28:55 Iron Casting
30:35 Chain Barding Armor
Joey_did_it
17:50 Feudal Age
19:36 Wheelbarrow
22:56 Double-Bit Axe
23:11 Gold Mining
25:00 Man-at-Arms
30:57 Castle Age
Connection lost

Rejoining the realm…

Still unreachable

The connection could not be restored.

Session expired

The server has moved on; the page needs a fresh start.